[Event "ESP-ch Teams Honor 2024"]
[Site "Melilla"]
[Date "2024.10.14"]
[Round "3.16"]
[White "Gines Esteo, Pedro Antonio"]
[Black "Arizmendi Martinez, Julen Luis"]
[Result "1-0"]
[ECO "D35"]
[WhiteElo "2477"]
[BlackElo "2507"]
[Annotator "TA"]
[PlyCount "61"]
[EventDate "2024.10.11"]
[EventType "team-tourn"]
[EventCountry "ESP"]
[SourceTitle "playchess.com"]
[Source "ChessBase"]
[SourceQuality "1"]
[WhiteTeam "Casablanca"]
[BlackTeam "Andreu"]
[TimeControl "5400+30"]

1. c4 e6 2. Nc3 d5 3. d4 Nf6 4. cxd5 exd5 5. Bg5 Be6 6. e3 Nbd7 7. Bd3 c6 8. h3 {[%emt 0:15:05] White has an edge.} Bd6 9. Nge2 O-O 10. O-O Re8 11. Qd2 b5 12. Bf4 Nb6 13. b3 a5 14. a4 b4 {[%emt 0:01:19] [#] Threatens to win with ...Bxf4.} 15. Nb1 Rc8 16. Rc1 Bxf4 17. Nxf4 Nbd7 18. Ra2 Qb6 19. Rac2 Rc7 20. g4 h6 21. Qd1 Rec8 22. Nxe6 fxe6 23. h4 {[%emt 0:00:05][%cal Bh3h4,Bh4g5,Bg5g6][%mdl 32] Hoping for g5.} c5 24. g5 hxg5 25. hxg5 {[%emt 0:00:02] aiming for dxc5.} Ne4 (25... cxd4 $14 26. gxf6 dxe3) 26. Bxe4 (26. Qg4 $16) 26... dxe4 $14 27. dxc5 ({Better is} 27. Qg4 $16) 27... Rxc5 $2 (27... Qc6 $11 {and Black has nothing to worry.}) 28. Qxd7 $18 {[%emt 0:00:30][%cal Og5g6] Intending g6! and mate.} Rxc2 29. Rxc2 Rxc2 {[%emt 0:00:04] [#]} 30. g6 $1 ({Stronger than} 30. Qe8+ Kh7 31. Qh5+ Kg8 32. Qe8+ Kh7 33. Qh5+ Kg8 34. Qe8+ $11) 30... Rc1+ 31. Kg2 {[%emt 0:00:06] Weighted Error Value: White=0.10 (very precise) /Black=0.50.  Loses game:     	---       	Black=1      Mistake:       	White=2     	Black=1      Inaccurate:     	---       	Black=2      OK:         	White=9     	Black=13} 1-0

[Event "ESP-ch Teams Honor 2024"]
[Site "Melilla"]
[Date "2024.10.14"]
[Round "3.17"]
[White "Macias Pino, Diego"]
[Black "Vega Gutierrez, Sabrina"]
[Result "1-0"]
[ECO "A13"]
[WhiteElo "2479"]
[BlackElo "2392"]
[Annotator "TA"]
[PlyCount "93"]
[EventDate "2024.10.11"]
[EventType "team-tourn"]
[EventCountry "ESP"]
[SourceTitle "playchess.com"]
[Source "ChessBase"]
[SourceQuality "1"]
[WhiteTeam "Andreu"]
[BlackTeam "Casablanca"]
[TimeControl "5400+30"]

1. Nf3 Nf6 2. c4 e6 3. g3 d5 4. Bg2 dxc4 5. Qa4+ c6 6. Qxc4 b5 7. Qc2 Bb7 8. O-O c5 {[%emt 0:05:59] A13: Engelse Opening: 1...e6.} 9. a4 {[%emt 0:02:59] OK} bxa4 $146 {[%emt 0:11:27] Fout (0.5)} (9... a6 $14) ({Predecessor:} 9... b4 10. d3 Nbd7 11. b3 Be7 12. Bb2 O-O 13. Nbd2 Rc8 14. Nc4 Nb6 15. Rad1 h6 16. e4 Nxc4 17. Qxc4 {1-0 Oparin,G (2652)-Le,Q (2709) PNWCC Online blitz JP 14th 2020 (10)}) 10. Nc3 ({Veel slechter is} 10. Rxa4 Be7 $11) 10... Be7 {[%emt 0:01:03] OK. Wit staat iets beter.} 11. Rd1 {[%emt 0:08:47] voelt sterker. Fout (0.5)} (11. d3 $14) 11... O-O $11 {[%emt 0:03:41] Beste} 12. d4 {[%emt 0:02:02] Fout (0.7)} ({Maar niet} 12. Rxa4 Qb6 $11) (12. d3 $14) 12... Qc8 13. Rxa4 cxd4 {[%emt 0:04:52] Fout (0.6)} (13... Na6 $11) 14. Rdxd4 $14 Bc6 {[%emt 0:03:32] Houdt de partij in balans. Fout (1.0)} (14... Nbd7 $11) 15. Rac4 $1 $16 {[%emt 0:01:33] Sterk} Qb7 {[%emt 0:07:40] Onnauwkeurig} {Wit zou moeten proberen} 16. Rh4 {[%emt 0:01:47] Fout (0.6)} (16. Na4 $1) 16... Rc8 {[%emt 0:10:13] Fout (0.7)} (16... Nbd7) 17. e4 $2 {[%emt 0:17:48] Fout (1.5)} (17. Bg5 $1 $16 ) 17... g6 $2 {[%emt 0:00:09] en Zwart blijft veilig. Verliest partij (1.6)} (17... Nfd7 $11 18. Rg4 h5) 18. Bg5 {[%emt 0:07:01] Fout (0.6)} (18. Ne5 $1 $18) 18... Nbd7 {[%emt 0:02:18] [#] Beste} 19. Rxc6 $1 {[%emt 0:04:39] Briljant} Rxc6 {[%emt 0:00:08] Onnauwkeurig} 20. e5 {[%emt 0:00:10] Beste (Gemakkelijk)} Nd5 {[%emt 0:00:35][%cal Bf6d5,Bd5e7,Be7c6][%mdl 32] EV=16.50. Goes to e7 (dbg)). OK} 21. Bxe7 $1 {[%emt 0:01:25] Sterk} Nxe7 22. Nd4 {[%emt 0:02:06] [#] Fout (1.2)} (22. Ng5 $16) 22... Rac8 {[%emt 0:06:21] Fout (1.2)} 23. Nxc6 {[%emt 0:01:32] Beste (Gemakkelijk)} Nxc6 24. Qd2 $1 {[%emt 0:07:42] met als doel voor Qh6. Wit is actiever. Sterk} Ndxe5 {[%emt 0:03:34] Beste} 25. Ne4 $1 {[%emt 0:01:52] Sterk} Qb3 $2 {[%emt 0:05:52][%mdl 8192] is een betere kans. Verliest partij (3.7)} (25... Qe7 $16) {Wit moet spelen} 26. h3 $2 {[%emt 0:04:57] Gemiste overwinning (4.7)} (26. Nf6+ $18 Kf8 (26... Kg7 $2 27. Nxh7 $18) 27. Bxc6 (27. Nxh7+ Ke7 $16) 27... Nxc6 28. Rxh7 (28. Nxh7+ Ke7 $11)) 26... Rd8 27. Qf4 {[%emt 0:01:10] was de enige mogelijkheid om het evenwicht te handhaven. Fout (1.2)} (27. Nf6+ $11 Kg7 28. Qg5) 27... h5 $1 $17 {[%emt 0:01:32] Sterk} (27... Qxb2 28. Nf6+ Kf8 29. Nxh7+ (29. Rxh7 g5 $11) 29... Ke8 30. Ng5 $16) 28. Kh2 {[%emt 0:01:54] En nu zou Qh6 winnen. OK} Qxb2 {[%emt 0:01:36] Fout (0.8)} (28... f5 $1 $17 29. Nf6+ Kf7) 29. Qh6 $2 {[%emt 0:01:07] es Wit is oké. Verliest partij (1.7)} (29. Qg5 $1 $11) {Zwart zou moeten proberen} 29... f5 $2 {[%emt 0:00:31] Gemiste overwinning (1.9)} (29... Nd7 $19 {Sterke dreiging met ...a5.} 30. Qf4 Qb6) 30. Ng5 $40 {[%emt 0:00:26][%mdl 128] Qh7+ zou dodelijk zijn. Wit valt aan. OK} Qxf2 {[%emt 0:00:31] blijft gelijk. Fout (1.4)} (30... Rd7 $11) 31. Qh7+ $16 {[%emt 0:00:17] Beste (Gemakkelijk)} (31. Nxe6 $2 Nf3+ 32. Kh1 Qg1#) 31... Kf8 {[%emt 0:00:02] Hoopt vervolgens op ...Ke8.} 32. Nxe6+ {[%emt 0:00:22] Beste (Gemakkelijk)} Ke8 33. Nc7+ {[%emt 0:00:02][%mdl 1024] Wit heeft sterke compensatie.} Kf8 {[%emt 0:00:04] ( -> ...Nf3+)} 34. Ne6+ {[%emt 0:00:06] Beste (Gemakkelijk)} Ke8 {[%emt 0:00:01] Onnauwkeurig} 35. Rf4 {[%emt 0:01:29] Ontwijkt Nf3+. Erg scherp! OK} Qd2 36. Nc7+ Kf8 37. Ne6+ {[%emt 0:00:05] Beste (Gemakkelijk)} Ke8 38. Qh8+ Kf7 {[%emt 0:02:05] [#] Beste} {Wit zou moeten spelen} 39. Nxd8+ {[%emt 0:00:21] Fout (0.6)} (39. Ng5+ $1 $18 Ke7 40. Qg7+ Kd6 41. Qf6+ (41. Nf7+ Ke6 $16) 41... Kc7 42. Ne6+ Kb6 43. Nxd8 Qxd8 44. Qg7 (44. Rb4+ Kc5 $18)) 39... Qxd8 {Beter is} 40. Qh7+ {[%emt 0:00:10] Fout (0.5)} (40. Qxd8 {Wit dreigt Bd5+ en mat.} Nxd8 41. Ra4) 40... Kf6 {[%emt 0:00:30] Beste} 41. Rf2 Qd6 {[%emt 0:01:15] Fout (0.6)} (41... a5 $16) 42. Qh8+ $18 {[%emt 0:00:15] OK} Kf7 {[%emt 0:00:11] OK} 43. Rb2 f4 {[%emt 0:00:51] Fout (1.1)} (43... Ne7 $16 44. Rb8 Ke6) 44. Rb7+ {[%emt 0:01:43] is de juiste voortzetting om te winnen. Fout (1.4)} (44. gxf4 $18 Nd7 45. Qh7+ Kf6 46. Qh8+ Kf7 47. Rf2) 44... Ne7 $2 {[%emt 0:00:07][%mdl 8192] [#] is moeilijk. Verliest partij (3.0)} (44... Nd7 $16 45. Rxd7+ (45. Qh7+ Ke8 $16) 45... Qxd7) 45. gxf4 $2 {[%emt 0:00:31] en de rest is makkelijk. Gemiste overwinning (2.9)} (45. Bd5+ $1 $18 Qxd5 46. Qh7+ (46. Rxa7 {wordt mat gezet.} Qd2+ 47. Kh1 Qe1+ 48. Kg2 f3+ 49. Kh2 Qf2+ 50. Kh1 Qg2#) 46... Kf6 47. Qxe7+ (47. Rxe7 {Leidt naar mat.} Nf3+ 48. Kg2 Nh4+ 49. Kf2 Qg2+ 50. Ke1 Nf3+ 51. Kd1 Qd2#) 47... Kf5 48. Qf8+ (48. Rxa7 {is een zelfmat.} Qd2+ 49. Kh1 Qe1+ 50. Kg2 f3+ 51. Kh2 Qf2+ 52. Kh1 Qg2#) 48... Ke4 49. Qxf4+ Kd3 50. Qf1+ (50. Rxa7 Nf3+ $11) 50... Kd4 51. Qd1+ (51. Rxa7 Nf3+ 52. Kh1 Nd2+ 53. Qg2 Qxg2+ 54. Kxg2 Ke5 $18) 51... Nd3 52. Rxa7) 45... N5c6 {[%emt 0:00:52] pakt misschien beter uit. Fout (0.5)} (45... Nd7 $16) 46. Qh6 a5 $2 {[%emt 0:00:31][%mdl 8192] Verliest partij (14.4)} (46... Nd4 $16 47. Rxa7 Ndf5 48. Qh7+ Ng7) 47. Bxc6 {[%emt 0:00:18] Blunder waarde: Wit=0.51/Zwart=0.94. Beste.  Verliest partij:   	Wit=1      	Zwart=4      Gemiste overwinning: 	Wit=2      	Zwart=1      Fout:        	Wit=10     	Zwart=10     Onnauwkeurig:    	---       	Zwart=3      OK:         	Wit=5      	Zwart=3      Beste:        	Wit=7      	Zwart=5      Sterk:        	Wit=4      	Zwart=1      Briljant:      	Wit=1      	---} 1-0

[Event "ESP-ch Teams Honor 2024"]
[Site "Melilla"]
[Date "2024.10.14"]
[Round "3.18"]
[White "Quintin Navarro, Alberto"]
[Black "Vega Gutierrez, Belinda"]
[Result "1-0"]
[ECO "E11"]
[WhiteElo "2378"]
[BlackElo "2168"]
[Annotator "RC"]
[PlyCount "117"]
[EventDate "2024.10.11"]
[EventType "team-tourn"]
[EventCountry "ESP"]
[SourceTitle "playchess.com"]
[Source "ChessBase"]
[SourceQuality "1"]
[WhiteTeam "Casablanca"]
[BlackTeam "Andreu"]
[TimeControl "5400+30"]

1. Nf3 d5 2. d4 Nf6 3. c4 e6 4. g3 Bb4+ 5. Bd2 Be7 6. Bg2 O-O 7. O-O c6 8. Qc2 b6 9. b3 Bb7 10. Rd1 Nbd7 11. Nc3 Rc8 12. e4 dxe4 13. Nxe4 c5 14. Nxf6+ Nxf6 15. dxc5 Be4 16. Qb2 bxc5 17. Bf4 Qb6 18. Ne5 Bxg2 19. Kxg2 Rfd8 20. Qe2 a5 21. Qf3 Rd4 22. g4 h6 23. h4 Bd6 24. Rxd4 cxd4 25. c5 Rxc5 26. Nc4 Rxc4 27. bxc4 e5 28. c5 Qxc5 29. Rc1 Qa7 30. Rc8+ Kh7 31. Qc6 Qe7 32. g5 exf4 33. gxf6 Qxf6 34. Qe4+ g6 35. Qd5 f3+ 36. Qxf3 Qxf3+ 37. Kxf3 Bb4 38. Ke4 Be1 39. Ra8 Kg7 40. f4 Bc3 41. Ra6 h5 42. Rc6 Be1 43. Rc5 Bxh4 44. Rxa5 Be1 45. Rb5 h4 46. Rb1 f5+ 47. Kxd4 Bg3 48. Ke3 g5 49. fxg5 Kg6 50. Kf3 Bc7 51. Rb7 Ba5 52. Rb5 Be1 53. a4 h3 54. a5 f4 55. a6 h2 56. Kg2 Bf2 57. Kxh2 f3 58. Rb3 Kxg5 59. Rxf3 1-0

[Event "ESP-ch Teams Honor 2024"]
[Site "Melilla"]
[Date "2024.10.14"]
[Round "3.19"]
[White "Aravindh, Chithambaram VR."]
[Black "Fedoseev, Vladimir"]
[Result "1/2-1/2"]
[ECO "D31"]
[WhiteElo "2698"]
[BlackElo "2698"]
[Annotator "TA"]
[PlyCount "56"]
[EventDate "2024.10.11"]
[EventType "team-tourn"]
[EventCountry "ESP"]
[SourceTitle "playchess.com"]
[Source "ChessBase"]
[SourceQuality "1"]
[WhiteTeam "Solvay"]
[BlackTeam "Costa Calida"]
[TimeControl "5400+30"]

1. d4 d5 2. c4 e6 3. Nc3 h6 4. Nf3 Nf6 5. g3 Bd6 6. Bg2 Nc6 7. O-O O-O 8. Qd3 {[%emt 0:01:11] White is slightly better.} Nb4 9. Qd2 dxc4 10. Ne5 Bxe5 11. dxe5 Nfd5 12. Rd1 Nc6 13. Qe1 {[%emt 0:11:53] [#] e4 would now be deadly.} Bd7 (13... Nxe5 $11 {remains equal.} 14. e4 Nd3 15. Rxd3 cxd3 16. exd5 Re8) 14. Nxd5 $16 exd5 15. Bxd5 Qe7 16. Qc3 Be6 17. Bxc6 bxc6 {[%emt 0:00:07] Black is weak on the dark squares} 18. Be3 a5 19. Bd4 Rfd8 20. Qe3 Rd5 21. Rd2 a4 22. a3 c5 (22... Rad8 $11) 23. Bc3 c6 24. Rad1 Rad8 25. Ba5 Rb8 {[%emt 0:02:48][%cal Ob8b2] [#] Threatens to win with ...Rxb2!} 26. Bc3 Rbd8 $1 27. Ba5 Rb8 {[%emt 0:02:42][%cal Ob8b2] Strongly threatening ...Rxb2!} 28. Bc3 Rbd8 $1 {Weighted Error Value: White=0.12 (very precise) /Black=0.09 (flawless) .  Mistake:       	---       	Black=2      Inaccurate:     	White=2     	Black=1      OK:         	White=9     	Black=13     Best:        	White=1     	---        Strong:       	---       	Black=2} 1/2-1/2

[Event "ESP-ch Teams Honor 2024"]
[Site "Melilla"]
[Date "2024.10.14"]
[Round "3.20"]
[White "Deac, Bogdan-Daniel"]
[Black "Ivanchuk, Vasyl"]
[Result "1-0"]
[ECO "D91"]
[WhiteElo "2691"]
[BlackElo "2632"]
[Annotator "TA"]
[PlyCount "83"]
[EventDate "2024.10.11"]
[EventType "team-tourn"]
[EventCountry "ESP"]
[SourceTitle "playchess.com"]
[Source "ChessBase"]
[SourceQuality "1"]
[WhiteTeam "Costa Calida"]
[BlackTeam "Solvay"]
[TimeControl "5400+30"]

1. d4 Nf6 2. c4 g6 3. Nc3 d5 4. Nf3 Bg7 5. Bg5 Ne4 6. Bf4 Nxc3 7. bxc3 c5 8. e3 O-O 9. cxd5 Qxd5 10. Be2 cxd4 11. cxd4 Qa5+ 12. Qd2 Qxd2+ 13. Kxd2 Nc6 14. Rhc1 Rd8 15. Ke1 (15. Bd3 {with more complications.} Nb4 16. Be4 f5 17. Bb1) 15... Bf5 {[%emt 0:00:09] Dodges Rab1} 16. Nh4 {[%emt 0:01:11] [#] Nxf5 is the strong threat. The position is equal.} Bc8 17. Nf3 Bf5 {[%emt 0:00:28] Dodges Rab1} 18. Nh4 {[%emt 0:12:41] Black must now prevent Nxf5.} Be4 19. Bf3 f5 {[%emt 0:00:06] Black wants to play ...Bf6.} 20. Bxe4 fxe4 21. Rab1 {[%emt 0:00:03] Dodges Nb4} Bf6 22. Rxb7 {[%emt 0:02:57] [#] Nxg6 would now be deadly.} Rdc8 $1 23. g3 g5 24. Nf5 ({Not} 24. d5 $2 Nb4 25. Rxc8+ Rxc8 26. Bxg5 Nd3+ (26... Nxd5 $2 {is the wrong capture.} 27. Bxf6 Nxf6 28. Rxe7 $18) 27. Kd2 Bxg5 $19) 24... gxf4 25. gxf4 a5 26. a3 {[%emt 0:00:06] Inhibits Nb4.} a4 27. Ng3 Bxd4 28. exd4 Nxd4 29. Rxc8+ Rxc8 30. Nxe4 $11 {[%emt 0:00:37][%mdl 4096] Endgame. KRN-KRN} Kf8 31. Kd2 Nc2 {[%emt 0:01:13] Wards off Rb4} 32. Kd3 Nxa3 33. Rb4 Rd8+ 34. Ke2 Ra8 35. Nc3 Nc2 36. Rxa4 Rxa4 37. Nxa4 $14 {[%emt 0:00:01] KN-KN} Nd4+ 38. Ke3 Nf5+ 39. Ke4 Nd6+ 40. Ke5 {[%emt 0:00:08] White is better.} Kf7 41. Nb6 Nb7 42. Ke4 {Weighted Error Value: White=0.05 (flawless) /Black=0.08 (flawless) .  Inaccurate:     	White=3     	Black=2      OK:         	White=13    	Black=12     Best:        	White=2     	Black=1      Strong:       	---       	Black=1} 1-0

[Event "ESP-ch Teams Honor 2024"]
[Site "Melilla"]
[Date "2024.10.14"]
[Round "3.21"]
[White "Henderson de La Fuente, Lance"]
[Black "Ibarra Jerez, Jose Carlos"]
[Result "1/2-1/2"]
[ECO "D27"]
[WhiteElo "2525"]
[BlackElo "2559"]
[Annotator "TA"]
[PlyCount "77"]
[EventDate "2024.10.11"]
[EventType "team-tourn"]
[EventCountry "ESP"]
[SourceTitle "playchess.com"]
[Source "ChessBase"]
[SourceQuality "1"]
[WhiteTeam "Solvay"]
[BlackTeam "Costa Calida"]
[TimeControl "5400+30"]

1. d4 d5 2. Nf3 Nf6 3. c4 dxc4 4. e3 e6 5. Bxc4 c5 6. O-O a6 7. dxc5 Bxc5 8. Qxd8+ Kxd8 9. Be2 Ke7 10. Nfd2 Nbd7 11. Nb3 {[%emt 0:00:40] White is slightly better.} Bd6 12. N1d2 Nc5 (12... Nb6 $14) 13. Nxc5 (13. Na5 $1 $16) 13... Bxc5 $14 14. Nb3 Bd6 15. Bf3 e5 16. Bd2 e4 17. Be2 Bg4 18. Bxg4 Nxg4 19. h3 Ne5 20. Rad1 Rhd8 21. Bc3 Rac8 22. Rd5 $36 {[%emt 0:16:32][%mdl 2048] White is more active.} f6 23. Rfd1 Nd3 (23... Nc4 $11) 24. Rh5 ({White should try} 24. Rd4 $1 $16 f5 25. f3) 24... Kf7 $11 25. Rxh7 {[%emt 0:05:16] [#]} Nxb2 26. Bxb2 $16 {[%emt 0:00:42] And now Nd4 would win.} Bh2+ 27. Kxh2 Rxd1 28. Bd4 Rc2 (28... b6 $142) 29. Nc5 Kg8 {[%emt 0:02:30] Against Nxe4} 30. Rh5 ({White should play} 30. Rh4 $18) 30... Rxf2 31. Nxe4 Rc2 32. Rd5 Re1 33. Ng3 {[%emt 0:04:57] Against Ree2. Strongly threatening Rd7.} Rd1 34. Ne4 {[%emt 0:03:19] Dodges Rdd2} Re1 $1 35. Rd8+ Kh7 36. Rd7 Ree2 37. Kg3 (37. Nxf6+ Kg6 38. Ne4 Rxg2+ 39. Kh1 Rh2+ 40. Kg1 Rcg2+ 41. Kf1 Rc2 42. Rxg7+ Kf5 43. Ng3+ Ke6 $11) ({Much worse is} 37. Bxf6 Rxg2+ 38. Kh1 Rxa2 $11) 37... Rxg2+ {[%emt 0:00:06] [#]} 38. Kf4 $1 Kg6 39. a4 {[%emt 0:02:09] Weighted Error Value: White=0.14 (very precise) /Black=0.16 (very precise) .  Mistake:       	White=3     	Black=4      Inaccurate:     	White=2     	Black=2      OK:         	White=7     	Black=9      Best:        	White=4     	Black=6      Strong:       	White=1     	Black=1} (39. Rxb7 Rxa2 40. Nc5 Kh6) 1/2-1/2

[Event "ESP-ch Teams Honor 2024"]
[Site "Melilla"]
[Date "2024.10.14"]
[Round "3.22"]
[White "Muzychuk, Anna"]
[Black "Korneev, Oleg"]
[Result "1/2-1/2"]
[ECO "C45"]
[WhiteElo "2524"]
[BlackElo "2454"]
[Annotator "TA"]
[PlyCount "61"]
[EventDate "2024.10.11"]
[EventType "team-tourn"]
[EventCountry "ESP"]
[SourceTitle "playchess.com"]
[Source "ChessBase"]
[SourceQuality "1"]
[WhiteTeam "Costa Calida"]
[BlackTeam "Solvay"]
[TimeControl "5400+30"]

1. e4 e5 2. Nf3 Nc6 3. d4 exd4 4. Nxd4 Bc5 5. Be3 Qf6 6. c3 d6 7. Qd2 Bd7 8. b4 Bb6 9. Na3 (9. a4 $14) 9... Nge7 10. Nc4 O-O 11. Be2 Qg6 {[%emt 0:06:58][%csl LRe4,LRg2] [#] Threatens to win with ...Bxd4.} 12. f3 Bxd4 ({Black should try} 12... Qxg2 $15 13. O-O-O Nxd4 14. cxd4 Qh3) 13. cxd4 $11 d5 14. b5 $1 dxc4 15. bxc6 Qxc6 16. d5 (16. Qb4 $16 Qd6 17. Qxc4) 16... Qf6 17. Bd4 Qg6 18. Bxc4 c6 {[%emt 0:00:05] Black is weak on the dark squares} 19. Bc5 cxd5 $1 {[%emt 0:03:15] The position is equal.} 20. Bxe7 {[%emt 0:05:12] A strong pair of Bishops.} Rfe8 21. Bxd5 Rxe7 22. O-O Be6 23. Bxe6 Qxe6 24. Rfd1 f5 25. exf5 Qxf5 26. Re1 Rae8 27. Rxe7 Qc5+ 28. Qf2 Qxf2+ 29. Kxf2 Rxe7 30. Rc1 h6 31. Rc4 {[%emt 0:00:55] Weighted Error Value: White=0.12 (very precise) /Black=0.09 (flawless) .  Mistake:       	White=2     	Black=1      Inaccurate:     	White=2     	Black=1      OK:         	White=11    	Black=12     Best:        	---       	Black=1      Strong:       	White=1     	Black=1} 1/2-1/2

[Event "ESP-ch Teams Honor 2024"]
[Site "Melilla"]
[Date "2024.10.14"]
[Round "3.23"]
[White "Javakhishvili, Lela"]
[Black "Cuenca Jimenez, Jose Fernando"]
[Result "1-0"]
[ECO "D37"]
[WhiteElo "2425"]
[BlackElo "2480"]
[Annotator "TA"]
[PlyCount "111"]
[EventDate "2024.10.11"]
[EventType "team-tourn"]
[EventCountry "ESP"]
[SourceTitle "playchess.com"]
[Source "ChessBase"]
[SourceQuality "1"]
[WhiteTeam "Solvay"]
[BlackTeam "Costa Calida"]
[TimeControl "5400+30"]

1. d4 d5 2. c4 e6 3. Nf3 Nf6 4. Nc3 Nbd7 5. Bg5 h6 6. Bh4 Be7 7. e3 O-O 8. Rc1 c6 9. a3 Ne4 10. Bxe7 Qxe7 11. Nxe4 dxe4 12. Ne5 Qf6 13. Nxd7 {[%emt 0:04:43] White is slightly better.} Bxd7 14. Qg4 Rfe8 15. Qxe4 e5 16. dxe5 Rxe5 17. Qd4 Rd8 18. Rd1 $1 c5 19. Qc3 Qg5 20. h4 Qe7 (20... Qf5 $142) 21. Be2 Re4 22. Bf3 Bg4 23. Rxd8+ Qxd8 24. Qd2 $1 (24. Bxe4 $2 Qd1#) 24... Qxd2+ 25. Kxd2 Bxf3 26. gxf3 $16 {[%emt 0:00:02][%mdl 4096] Endgame. KR-KR} Re6 (26... Rxc4 $2 {loses.} 27. b3 $18) 27. h5 Kf8 28. Kc3 Ke7 29. b4 Ra6 30. bxc5 Rxa3+ {[%emt 0:00:06] [#]} 31. Kd4 $1 {[%emt 0:00:04] Strongly threatening Rb1.} Ra2 32. Rb1 Rd2+ 33. Ke5 Rd7 34. Ra1 ({White should play} 34. f4) 34... Rc7 35. Rxa7 {[%emt 0:05:01][%cal Oc5c6] And now c6! would win.} Rxc5+ 36. Kd4 Rc7 ({Better is} 36... Rxh5 37. Rxb7+ Ke6) 37. f4 Kf6 {[%emt 0:01:15] [#]} (37... Rd7+ $16 38. Kc3 g6) 38. e4 $1 $18 g6 39. hxg6 Kxg6 40. Ra8 Kg7 41. e5 Kg6 42. Rh8 Rc6 $2 (42... h5 {is a better defense.} 43. Rg8+ Kh7) 43. Rd8 Rc7 44. Rd6+ Kg7 45. f5 h5 46. Rb6 (46. f4 $142) 46... h4 $2 (46... Rd7+ {was called for.} 47. Ke3 h4) 47. f4 Rd7+ 48. Ke4 h3 $2 (48... Rc7 49. Kf3 h3) 49. Rb3 h2 50. f6+ Kg6 51. Rg3+ Kh5 52. Rh3+ Kg4 53. Rxh2 Rc7 54. Rg2+ Kh3 55. Rg7 Rxc4+ 56. Kd5 {[%emt 0:00:11] Weighted Error Value: White=0.09 (flawless) /Black=0.53.  Mistake:       	White=2     	Black=6      Inaccurate:     	White=1     	Black=6      OK:         	White=16    	Black=11     Best:        	White=6     	Black=3      Strong:       	White=4     	---} 1-0

[Event "ESP-ch Teams Honor 2024"]
[Site "Melilla"]
[Date "2024.10.14"]
[Round "3.24"]
[White "Camacho Collados, Marcos"]
[Black "Tejedor Fuente, Enrique"]
[Result "0-1"]
[ECO "A05"]
[WhiteElo "2453"]
[BlackElo "2400"]
[Annotator "TA"]
[PlyCount "112"]
[EventDate "2024.10.11"]
[EventType "team-tourn"]
[EventCountry "ESP"]
[SourceTitle "playchess.com"]
[Source "ChessBase"]
[SourceQuality "1"]
[WhiteTeam "Costa Calida"]
[BlackTeam "Solvay"]
[TimeControl "5400+30"]

1. Nf3 d5 2. g3 Nf6 3. Bg2 e6 4. O-O Be7 5. d3 O-O 6. a3 {[%emt 0:01:41] A07: Réti Opening: New York and Capablanca Systems.} b6 7. Nc3 Bb7 8. Bf4 $146 ({Predecessor:} 8. d4 Nbd7 9. Bg5 c5 10. Re1 a6 11. e4 dxe4 12. Nxe4 Nxe4 13. Bxe7 Qxe7 14. Ne5 {0-1 Amuso,J (777)-Raines,D (1243) IECC CL0-2018.00 email}) 8... Nh5 9. Bd2 Nf6 10. Re1 d4 11. Na2 c5 12. c3 dxc3 13. Nxc3 Nc6 14. Rc1 a6 15. Na4 Nd7 16. Be3 Na5 17. Rb1 c4 18. d4 b5 19. Nc3 Nf6 20. Bg5 Nb3 21. Bxf6 Bxf6 22. e3 Qb6 23. Qc2 Qc6 24. Rbd1 Rfd8 25. Nh4 Qc7 26. Nf3 Qc6 27. Rf1 Rac8 28. Ne1 Qb6 29. f4 a5 30. Bxb7 Qxb7 31. Ne4 Be7 32. g4 Qd5 (32... f5 $17 33. gxf5 exf5) 33. f5 e5 34. f6 $1 gxf6 $1 35. Rf5 $1 Qe6 36. Nf3 exd4 37. exd4 Rd5 38. Rxd5 Qxd5 39. Qe2 (39. Kf2 $15) 39... b4 $17 40. axb4 axb4 41. Ng3 (41. Kf2 $17) 41... c3 $19 42. bxc3 bxc3 43. Nf5 Bf8 44. Ne1 Nd2 45. Nc2 Qb7 (45... Ra8 $19 {...Qb3 is the strong threat.} 46. Nfe3 Qg5) 46. h3 Qa8 (46... Ra8 $142 47. Qd3 Ra2) 47. Ra1 $17 Qd5 48. Ra7 $2 (48. Nce3 $17 Qb7 49. Nc2) 48... Nf3+ 49. Kf2 {[%emt 0:00:12] [#]} Ng5 $1 50. Qd3 $2 (50. h4 $17 Ne4+ 51. Kg1) 50... Qh1 $19 51. h4 Ne4+ 52. Ke3 Re8 (52... Nd2 $142 53. Qe2 Re8+ 54. Ne7+ Bxe7) 53. Re7 Qg1+ (53... Rxe7 54. Nxe7+ Bxe7 55. Qxe4 Qh3+ (55... Qxh4 56. Qxe7 Qh3+ 57. Ke2 $11) 56. Ke2 $17) 54. Kxe4 Bxe7 (54... Qxg4+ 55. Kd5 Rxe7 (55... Bxe7 $2 56. Nh6+ Kh8 57. Nxg4 $18) 56. Nxe7+ Bxe7 57. Kc4 $19) 55. Kd5 Qg2+ (55... Qxg4 $2 56. Nh6+ Kg7 57. Nxg4 $18) 56. Kc4 Qc6+ (56... Qxg4 $2 {loses.} 57. Nh6+ (57. Kxc3 $2 {too greedy.} Kh8 $19) 57... Kf8 58. Nxg4 $18) (56... Rc8+ $142 57. Kb3 Qd5+ 58. Ka4 Ra8+ 59. Qa6 Rxa6#) 0-1